 Dungeon Crawl Stone Soup version 0.16.2-2-g470672f (webtiles) character file.

267 andalon the Sneak (level 6, -1/43 HPs)
             Began as a Vampire Summoner on Sept 2, 2015.
             Was an Initiate of Yredelemnul.
             Slain by a goliath beetle (9 damage)
             ... on level 4 of the Dungeon.
             The game lasted 00:40:47 (5399 turns).

andalon the Sneak (Vampire Summoner)                Turns: 5399, Time: 00:40:47

Health: -1/43      AC:  6    Str:  8    XL:     6   Next: 0%
Magic:  0/13       EV: 12    Int: 18    God:    Yredelemnul [......]
Gold:   189        SH:  0    Dex: 14    Spells: 5 memorised, 2 levels left

rFire  . . .     SeeInvis +     f - +1 whip
rCold  + . .     Clarity  .     a - +1 robe
rNeg   + + .     SustAb   .     (no shield)
rPois  +         Gourm    .     (no helmet)
rElec  .         Spirit   +     (no cloak)
rCorr  .         Warding  .     (no gloves)
rMut   .         Stasis   .     (no boots)
MR     .....                    g - amulet of guardian spirit
Stlth  +++.......               q - ring of invisibility
                                h - +3 ring of protection

@: regenerating slowly, not resistant to hostile enchantments, fairly stealthy
A: bottle blood, fangs 3, see invisible, unbreathing
a: Bat Form, Renounce Religion, Evoke Invisibility


You were on level 4 of the Dungeon.
You worshipped Yredelemnul.
Yredelemnul was noncommittal.
You were thirsty.

You visited 1 branch of the dungeon, and saw 4 of its levels.

You collected 189 gold pieces.

Inventory:

Hand weapons
 e - a +0 club
 f - a +1 whip (weapon)
Armour
 a - a +1 robe (worn)
Jewellery
 g - an amulet of guardian spirit (around neck)
 h - a +3 ring of protection (left hand)
 n - an uncursed ring of protection from cold
 p - an uncursed ring of sustain abilities
 q - a ring of invisibility (right hand)
 u - an uncursed ring of fire
Scrolls
 d - 2 scrolls of teleportation
 j - a scroll of identify
 k - a scroll of fog {unknown}
 l - 3 scrolls of amnesia
 r - a scroll of magic mapping
Potions
 c - 4 potions of blood
 i - 5 potions of curing
 m - 3 potions of might
 s - a potion of heal wounds
Books
 b - a book of Callings

   Spells                             Type                      Level
   a - Summon Small Mammal            Summoning                    1
   b - Call Imp                       Summoning                    2
   c - Call Canine Familiar           Summoning                    3
   d - Summon Guardian Golem          Hexes/Summoning              4
   e - Summon Lightning Spire         Summoning/Air                4
   f - Summon Ice Beast               Ice/Summoning                4
 o - a book of Conjurations

   Spells                             Type                      Level
   a - Magic Dart                     Conjuration                  1
   b - Searing Ray                    Conjuration                  2
   c - Dazzling Spray                 Conjuration/Hexes            3
   d - Fulminant Prism                Conjuration/Hexes            4
   e - Iskenderun's Mystic Blast      Conjuration                  4
   f - Iskenderun's Battlesphere      Conjuration/Charms           5


   Skills:
 + Level 1.4 Fighting
 + Level 1.9 Maces & Flails
 - Level 2.2 Dodging
 * Level 5.1 Stealth
 * Level 3.1 Spellcasting
 * Level 0.4 Conjurations
 * Level 4.9 Summonings


You had 2 spell levels left.
You knew the following spells:

 Your Spells              Type           Power        Failure   Level  Hunger
a - Summon Small Mammal   Summ           ###.         1%          1    None
b - Call Imp              Summ           ###.....     3%          2    ##.....
c - Call Canine Familiar  Summ           ###.....     10%         3    ###....
d - Magic Dart            Conj           #...         14%         1    None
e - Searing Ray           Conj           #.....       21%         2    ##.....


Dungeon Overview and Level Annotations

Branches:
Dungeon (4/15)
 Temple: D:4-7

Altars:
Cheibriados
Elyvilon
Yredelemnul


Innate Abilities, Weirdness & Mutations

You heal slowly.
You can bottle blood from corpses.
You have razor-sharp teeth.
You have supernaturally acute eyesight.
You can survive without breathing.


Message History

Your quokka bites the goliath beetle but does no damage.
Your crimson imp blinks!
You see here a worker ant corpse.
Your quokka bites the goliath beetle.
Your quokka bites the goliath beetle but does no damage.
The goliath beetle bites your quokka!!
Your quokka dies!
Your quokka's corpse disappears in a puff of smoke!
Your quokka bites the goliath beetle but does no damage.
Your quokka bites the goliath beetle but does no damage.
Your quokka bites the goliath beetle.
Your quokka barely misses the goliath beetle.
Your quokka completely misses the goliath beetle.
Your quokka bites the goliath beetle.
You hit the goliath beetle.
The goliath beetle is severely wounded.
Your quokka bites the goliath beetle but does no damage.
The goliath beetle bites you!
You die...
Yredelemnul claims you as an undead slave.

,,,,,,,,,+,,,,,*,,,* #..,,* *,
,,,**,,***,,,,,##+#####..,,* *,
********,,,,#+##........#*** **
*,,,,+..#........#
*,,,,#..B..).....#
********,,,,#..#........#########
,,,**,,***+###'###'##+#..........
,,,*,,,,,,,+..rBr.....+..........
,,,+,,,,,,,#...r@.†5..#..........
,,***+**,,*##.######'##..........
,,***,***+**#+#***#.....##'######
,,*,,,,,,,,*,,,+,,+.....#........
,,+,,,,,,,,*,,,*,,#..†..+........
,,*,,,,,,,,+,,,*,,#.....###+###..
+***,,*,*,**,,**,,##+##....,,,#+#
,,,,,,,,,,**,,**,,+,,,#......,,,,
,,,*****,,,,,,,,,,*,,,#.......,,,


You could see a goliath beetle, a friendly crimson imp and 3 friendly quokkas.

Vanquished Creatures
  A scorpion (D:4)
  A quasit (D:3)
  2 worker ants (D:4)
  2 adders (D:3)
  2 worms
  An adder skeleton (D:4)
  2 giant geckos
  2 giant cockroaches
  9 hobgoblins
  5 kobolds
  A ball python (D:3)
  5 bats
  A giant newt (D:2)
  3 goblins
  A quokka (D:4)
  6 rats
44 creatures vanquished.

Vanquished Creatures (collateral kills)
  A hound (D:3)
  An iguana (D:4)
  4 adders
  A worm (D:2)
  An ooze (D:1)
  An orc (D:3)
  4 bats
  3 giant cockroaches
  4 goblins
  3 hobgoblins
  2 kobolds
  2 rats
27 creatures vanquished.

Vanquished Creatures (others)
  A hound (D:2)
  2 bats (D:1)
  3 quokkas
  5 rats (D:1)
11 creatures vanquished.

Grand Total: 82 creatures vanquished

Notes
Turn   | Place    | Note
--------------------------------------------------------------
     0 | D:1      | andalon, the Vampire Summoner, began the quest for the Orb.
     0 | D:1      | Reached XP level 1. HP: 13/13 MP: 3/3
   648 | D:1      | Reached XP level 2. HP: 17/19 MP: 2/4
   934 | D:1      | Reached skill level 1 in Maces & Flails
  1650 | D:2      | Reached XP level 3. HP: 24/24 MP: 4/6
  1678 | D:2      | Learned a level 2 spell: Call Imp
  1682 | D:2      | Learned a level 3 spell: Call Canine Familiar
  2005 | D:2      | Found a snail-covered altar of Cheibriados.
  3532 | D:3      | Reached XP level 4. HP: 6/27 MP: 1/8
  3842 | D:3      | Found a basalt altar of Yredelemnul.
  3855 | D:3      | Became a worshipper of Yredelemnul the Dark
  3913 | D:3      | Found a white marble altar of Elyvilon.
  3947 | D:3      | Learned a level 1 spell: Magic Dart
  4187 | D:3      | Reached XP level 5. HP: 28/32 MP: 7/10
  4672 | D:4      | Reached skill level 1 in Fighting
  4971 | D:4      | Learned a level 2 spell: Searing Ray
  5151 | D:4      | Reached skill level 5 in Stealth
  5352 | D:4      | Reached XP level 6. HP: 26/43 MP: 8/13
  5399 | D:4      | Slain by a goliath beetle

Action                   |  1- 3 |  4- 6 || total
-------------------------+-------+-------++-------
Melee: Whip              |   111 |   122 ||   233
       Unarmed           |     5 |       ||     5
 Cast: Summon Small Mamm |    38 |    10 ||    48
       Call Canine Famil |     7 |       ||     7
       Call Imp          |     2 |     7 ||     9
       Magic Dart        |       |     4 ||     4
  Use: Scroll            |     9 |     6 ||    15
       Potion            |    13 |     6 ||    19
 Stab: Sleeping          |     1 |     1 ||     2
       Distracted        |     2 |     1 ||     3
